 Dungeon Crawl Stone Soup version 5.5-119-g78d285b (webtiles) character file.

6 abdallah the Grappler (level 9, 0/78 HPs) *CASUAL*
             Began as a Naga Transmuter on June 7, 2018.
             Was a Priest of Cheibriados.
             Splashed by a jelly's acid (6 damage)
             ... on level 5 of the Dungeon.
             The game lasted 00:07:35 (4246 turns).

abdallah the Grappler (Naga Transmuter)             Turns: 4246, Time: 00:07:36

Health: 0/78       AC:  1 (0%)Str: 21   XL:     9   Next: 2%
Magic:  17/17      EV: 11    Int: 25    God:    Cheibriados [3*[99]]
Gold:   179        SH:  0    Dex: 29    Spells: 18/19 levels left

rFire    . . .     SeeInvis +     - Unarmed
rCold    . . .     Faith    .   (no shield)
rNeg     . . .     Spirit   .   b - +0 robe
rPois    +         Reflect  .   (no helmet)
rElec    .         Rnd*Tele +   (no cloak)
rCorr    .                      j - +0 pair of gloves
MR       +....                  (no barding)
Stlth    ++........             (no amulet)
Regen    0.3/turn               h - +5 ring of dexterity
MPRegen  0.3/turn               k - ring of wizardry

@: short of breath, appendage, corroded, very slow
A: horns 2, see invisible, agile, deformed body, poison resistance, slowness 2,
spit poison 1, teleportitis 1, constrict 1, AC +3
a: Spit Poison, End Transformation, Bend Time, Temporal Distortion, Renounce
Religion


You were on level 5 of the Dungeon.
You worshipped Cheibriados.
Cheibriados was most pleased with you.
You were not hungry.
You had grown temporary horns.
You visited 1 branch of the dungeon, and saw 5 of its levels.

You collected 179 gold pieces.

Inventory:

Missiles
 a - 96 arrows
Armour
 b - a +0 robe (worn)
 d - a +1 helmet
 j - a +0 pair of gloves (worn)
Jewellery
 h - a +5 ring of dexterity (left hand)
 k - a ring of wizardry (right hand)
 n - the ring of Shadows {Umbra Dex+13}
   (You found it on level 4 of the Dungeon)

   [ring of evasion]

   It affects your dexterity (+13).
Wands
 i - a wand of confusion (11)
Scrolls
 c - a scroll of teleportation
 g - 2 scrolls of enchant weapon
 l - a scroll of magic mapping
Potions
 e - a potion of heal wounds
 f - 3 potions of cancellation
 m - a potion of flight


   Skills:
 + Level 4.2 Fighting
 - Level 1.5 Dodging
 * Level 9.9 Unarmed Combat
 - Level 3.0 Transmutations
 + Level 4.1 Invocations


You had 18 spell levels left.
You knew the following spells:

 Your Spells              Type           Power        Failure   Level  Hunger
a - Beastly Appendage     Tmut           15 (50)      1%          1    N/A

Your spell library contained the following spells:

 Spells                   Type           Power        Failure   Level  Hunger
 Spider Form              Tmut           15 (200)     4%          3    N/A
 Blade Hands              Tmut           15 (200)     38%         5    N/A
 Ice Form                 Ice/Tmut       7 (100)      28%         4    N/A
 Passwall                 Tmut/Erth      7 (200)      4%          2    N/A

Dungeon Overview and Level Annotations

Branches:
Dungeon (5/15)

Altars:
Cheibriados
Jiyva
Kikubaaqudgha
Makhleb
Nemelex Xobeh
Okawaru
Qazlal
Ru
Sif Muna
Trog
Vehumet
Wu Jian
Xom
Yredelemnul
Zin
The Shining One


Innate Abilities, Weirdness & Mutations

You cannot wear boots.
Your serpentine skin is tough. (AC +3)
You have supernaturally acute eyesight. (SInv)
Armour fits poorly on your strangely shaped body.
Your system is resistant to poisons. (rPois)
You cover ground very slowly.
You can spit poison.
You can use your snake-like lower body to constrict enemies.
You have a pair of horns on your head.
You are agile. (Dex +5)
You are occasionally teleported next to monsters.


Message History

You barely miss the hound. You grab the hound (0). You headbutt the hound (8)!
The hound is heavily wounded.
You constrict the hound (2). The hound bites you but does no damage.
The orc closely misses you.
You hit the orc (3). You headbutt the orc (4).
The orc is almost dead.
You constrict the hound (4). The hound bites you (1).
* * * LOW HITPOINT WARNING * * *
The jelly hits you (3).
* * * LOW HITPOINT WARNING * * *
The acid corrodes you!
You are splashed with acid!
The acid burns (9)!
* * * LOW HITPOINT WARNING * * *
You closely miss the orc. You headbutt the orc (1).
You kill the orc!
Cheibriados appreciates the change of pace.
You constrict the hound (2). The hound barely misses you.
The jelly hits you (2).
* * * LOW HITPOINT WARNING * * *
You are splashed with acid!
The acid burns (6)!
You die...

### .>. ###.# ##### [...
...#
#####.#####.##########
.###.....................
......##.#####.##########
...........=.).)......
....##.h@.......###### .
#..J)...._.# #...$.....$#
###.#.....## #........
#........ #.........
#........J


You could see a hound and a jelly.

Vanquished Creatures
  2 ogres (D:4)
  A centaur (D:5)
  A jelly (D:5)
  2 orc priests
  Natasha (thrice) (D:3)
  2 orc wizards (D:4)
  5 worker ants
  3 iguanas (D:4)
  Samantha (D:3)
  6 adders
  3 oozes
  2 dart slugs
  7 orcs
  8 quokkas
  A ball python (D:2)
  5 giant cockroaches
  22 goblins
  13 hobgoblins
  2 jackals (D:1)
  4 bats
  3 frilled lizards
  12 kobolds
  2 quokka skeletons (D:4)
  6 rats
  A spectral orc (D:3)
117 creatures vanquished.

Notes
Turn   | Place    | Note
-------+----------+-------------------------------------------
     0 | D:1      | abdallah the Naga Transmuter began the quest for the Orb.
     0 | D:1      | Reached XP level 1. HP: 18/18 MP: 2/2
    76 | D:1      | Reached XP level 2. HP: 6/25 MP: 3/3
   461 | D:1      | Reached skill level 4 in Unarmed Combat
   477 | D:1      | Reached XP level 3. HP: 25/31 MP: 4/4
  1332 | D:1      | Reached XP level 4. HP: 38/38 MP: 6/6
  1631 | D:1      | Gained mutation: You are agile. (Dex +5) [mutagenic hatch]
  1631 | D:2      | Found a deep blue altar of Sif Muna.
  1633 | D:2      | Found an ornate altar of the Wu Jian Council.
  1633 | D:2      | Found a snail-covered altar of Cheibriados.
  1645 | D:2      | Found a glowing golden altar of the Shining One.
  1655 | D:2      | Became a worshipper of Cheibriados the Contemplative
  1674 | D:2      | Reached skill level 5 in Unarmed Combat
  1742 | D:2      | Reached XP level 5. HP: 31/44 MP: 7/7
  1809 | D:2      | Found a glowing silver altar of Zin.
  1860 | D:2      | Reached * piety under Cheibriados
  1892 | D:2      | Reached skill level 6 in Unarmed Combat
  2251 | D:2      | Found a sacrificial altar of Ru.
  2481 | D:2      | Found a faded altar of an unknown god.
  2556 | D:2      | Gained mutation: You are occasionally teleported next to monsters. [mutagenic hatch]
  2589 | D:3      | Noticed Samantha
  2591 | D:3      | Reached XP level 6. HP: 51/51 MP: 10/10
  2610 | D:3      | Reached ** piety under Cheibriados
  2619 | D:3      | Killed Samantha
  2654 | D:3      | Reached skill level 7 in Unarmed Combat
  2710 | D:3      | Noticed Natasha
  2711 | D:3      | Found an iron altar of Okawaru.
  2715 | D:3      | Killed Natasha
  2751 | D:3      | Found a radiant altar of Vehumet.
  2777 | D:3      | Found a viscous altar of Jiyva.
  2844 | D:3      | Noticed Natasha
  2875 | D:3      | Killed Natasha
  2875 | D:3      | Gained mutation: You can use your snake-like lower body to constrict enemies. [Naga growth]
  2875 | D:3      | Reached XP level 7. HP: 49/57 MP: 12/12
  3022 | D:3      | Noticed Natasha
  3027 | D:3      | Killed Natasha
  3027 | D:3      | Reached skill level 8 in Unarmed Combat
  3030 | D:3      | Found a stormy altar of Qazlal.
  3144 | D:3      | Found a basalt altar of Yredelemnul.
  3148 | D:3      | Reached *** piety under Cheibriados
  3418 | D:4      | Reached skill level 1 in Invocations
  3421 | D:4      | Found a shimmering altar of Xom.
  3454 | D:4      | Reached XP level 8. HP: 44/68 MP: 14/14
  3529 | D:4      | Found a burning altar of Makhleb.
  3545 | D:4      | Reached skill level 9 in Unarmed Combat
  3737 | D:4      | Found a sparkling altar of Nemelex Xobeh.
  3855 | D:4      | Found an ancient bone altar of Kikubaaqudgha.
  4195 | D:5      | Entered Level 5 of the Dungeon
  4208 | D:5      | Found a bloodstained altar of Trog.
  4242 | D:5      | Reached XP level 9. HP: 21/78 MP: 17/17
  4246 | D:5      | Splashed by a jelly's acid

Skill      XL: |  1  2  3  4  5  6  7  8 |
---------------+-------------------------+-----
Unarmed Combat | 4 5 6 7 8 9 |  9.9
Invocations    | 2 4 |  4.1
Fighting       | 2 4 |  4.2
Dodging        | |  1.5
Transmutations | |  3.0

Action                   |  1- 3 |  4- 6 |  7- 9 || total
-------------------------+-------+-------+-------++-------
Melee: Unarmed           |    71 |   105 |    56 ||   232
       Punch             |     2 |     3 |     2 ||     7
       Headbutt          |     7 |    17 |    24 ||    48
       Constrict         |       |       |    14 ||    14
 Cast: Beastly Appendage |     1 |       |       ||     1
Invok: Bend Time         |       |     1 |       ||     1
 Abil: Spit Poison       |    14 |    29 |    13 ||    56
 Stab: Sleeping          |       |     3 |     2 ||     5
Armor: Robe              |    15 |    13 |    14 ||    42
Dodge: Dodged            |    36 |    58 |    30 ||   124
